 Dungeon Crawl Stone Soup version 0.24.0-125-gc4c63601f3 (webtiles) character file.

Game seed: 3917998744197211928, levelgen mode: deterministic

572 Peloso the Shield-Bearer (level 7, 0/61 HPs)
             Began as a Minotaur Fighter on Mar 20, 2020.
             Slain by a howler monkey (1 damage)
             ... on level 5 of the Dungeon.
             The game lasted 00:07:56 (5022 turns).

Peloso the Shield-Bearer (Minotaur Fighter)         Turns: 5022, Time: 00:07:59

Health: 0/61       AC:  8    Str: 20 (21) XL:     7   Next: 12%
Magic:  6/6        EV:  6    Int:  2 (5)  God:
Gold:   204        SH: 10    Dex: 10 (11) Spells: 6/6 levels left

rFire    . . .     SeeInvis .   a - +0 long sword
rCold    . . .     Gourm    .   c - +0 shield
rNeg     . . .     Faith    .   m - -2 chain mail (curse)
rPois    .         Spirit   .   (helmet restricted)
rElec    .         Reflect  .   (no cloak)
rCorr    .         Harm     .   (no gloves)
MR       +....                  (no boots)
Stlth    ..........             (no amulet)
HPRegen  0.20/turn              j - ring of protection from magic
MPRegen  0.10/turn              (no ring)

@: flying
A: retaliatory headbutt, horns 2
a: no special abilities


You were on level 5 of the Dungeon.
You were not hungry.

You visited 1 branch of the dungeon, and saw 5 of its levels.

You collected 204 gold pieces.

Inventory:

Hand Weapons
 a - a +0 long sword (weapon)
Armour
 b - a +0 scale mail
 c - a +0 shield (worn)
 m - a cursed -2 chain mail (worn)
Jewellery
 j - a ring of protection from magic (left hand)
Wands
 u - a wand of random effects (26)
Scrolls
 e - 6 scrolls of remove curse {unknown}
 g - 3 scrolls of fear {unknown}
 h - 9 scrolls of identify {unknown}
 i - 2 scrolls of teleportation {unknown}
 k - a scroll of enchant armour {unknown}
 l - a scroll of enchant weapon {unknown}
 n - a scroll of fog {unknown}
 q - a scroll of amnesia {unknown}
 r - a scroll of magic mapping {unknown}
 t - a scroll of random uselessness {unknown}
 w - a scroll of noise {unknown}
Potions
 d - 2 potions of brilliance
 o - a potion of curing
 v - a potion of lignification {unknown}
Comestibles
 f - 10 rations


   Skills:
 + Level 5.5 Fighting
 + Level 5.1 Long Blades
 + Level 5.8 Armour
 + Level 0.7 Dodging
 + Level 0.2 Stealth
 + Level 5.9 Shields


You had 6 spell levels left.
You didn't know any spells.
Your spell library was empty.

Dungeon Overview and Level Annotations

Branches:
Dungeon (5/15)
 Temple: D:4-7

Altars:
Dithmenos
Fedhas
The Shining One

Portals:
Sewer: D:5

Annotations:
D:5 Prince Ribbit


Innate Abilities, Weirdness & Mutations

You reflexively headbutt those who attack you in melee.
You have a pair of horns on your head.


Message History

The centaur skeleton hits you.
* * * LOW HITPOINT WARNING * * *
You block Prince Ribbit's attack. You block the howler monkey's attack.
The centaur barely misses you. The centaur skeleton hits you.
* * * LOW HITPOINT WARNING * * *
It was a potion of flight.
You feel very buoyant.
You fly up into the air.
Prince Ribbit barely misses you.
The centaur hits you with a cursed -1 shortbow.
* * * LOW HITPOINT WARNING * * *
You block the howler monkey's attack.
The centaur skeleton hits you but does no damage.
You block Prince Ribbit's attack.
It was a potion of degeneration.
There was something very wrong with that liquid.
You feel weakened.
You feel dopey.
You feel clumsy.
The centaur hits you with a cursed -1 shortbow.
* * * LOW HITPOINT WARNING * * *
The howler monkey hits you.
You die...

##### #..
.....###.#######
................
................
................
#...............
#.......<.......
#.....hZc.......
#.#####@........
#.#≈ss#F+####...
..#≈≈s#.. ..
#.#≈∩≈#..# .
#.#≈≈≈#..#
..#≈≈≈#..#
..##+##.##
........#


You could see Prince Ribbit, a centaur, a howler monkey, 3 giant cockroaches and
a centaur skeleton.

Vanquished Creatures
  An ogre (D:4)
  A crimson imp (D:3)
  A hound (D:4)
  4 orc priests
  An iguana (D:4)
  Natasha (twice) (D:2)
  2 worker ants
  A hound skeleton (D:3)
  7 adders
  An ooze (D:3)
  An adder skeleton (D:4)
  3 worms
  2 dart slugs
  6 leopard geckos
  7 orcs
  7 bats
  7 giant cockroaches
  7 goblins
  6 hobgoblins
  4 jackals (D:2)
  A quokka (D:2)
  A ball python (D:4)
  4 frilled lizards
  8 kobolds
  4 rats
89 creatures vanquished.

Notes
Turn   | Place    | Note
-------+----------+-------------------------------------------
     0 | D:1      | Peloso the Minotaur Fighter began the quest for the Orb.
     0 | D:1      | Reached XP level 1. HP: 19/19 MP: 0/0
     4 | D:1      | Noticed a death yak
     7 | D:1      | Noticed an anaconda
   176 | D:1      | You fall into a shaft and drop 1 floor!
   203 | D:2      | Reached XP level 2. HP: 27/27 MP: 1/1
   452 | D:2      | Reached XP level 3. HP: 26/33 MP: 2/2
   454 | D:2      | Noticed Natasha
   469 | D:2      | HP: 1/33 [leopard gecko (3)]
   470 | D:2      | Killed Natasha
   514 | D:2      | Noticed Natasha
   519 | D:2      | Killed Natasha
   519 | D:2      | Reached XP level 4. HP: 7/40 MP: 3/3
  2157 | D:3      | Reached XP level 5. HP: 22/46 MP: 4/4
  2241 | D:3      | Reached skill level 5 in Shields
  2621 | D:3      | Found a glowing golden altar of the Shining One.
  2676 | D:3      | Reached skill level 5 in Armour
  2702 | D:3      | Found a blossoming altar of Fedhas.
  2702 | D:3      | Found a shadowy altar of Dithmenos.
  3220 | D:4      | Reached skill level 5 in Fighting
  3223 | D:4      | Reached XP level 6. HP: 45/56 MP: 5/5
  4284 | D:4      | Reached skill level 5 in Long Blades
  4284 | D:4      | Reached XP level 7. HP: 23/61 MP: 6/6
  5015 | D:5      | Entered Level 5 of the Dungeon
  5015 | D:5      | Found a glowing drain.
  5016 | D:5      | Noticed Prince Ribbit
  5022 | D:5      | HP: 1/61 [centaur/cursed -1 shortbow (6)]
  5022 | D:5      | Slain by a howler monkey

Levels and vault maps discovered:
D:1:      sevenhm_arrival_forest_fort_small_2, layout_basic, minmay_pentomino_s4
D:2:      layout_basic, uniq_natasha
D:3:      layout_loops_ring, gammafunk_temple_overflow_pools,
          lemuel_crystal_altar, first_ration, minmay_quantized
D:4:      layout_layer_cave, minmay_misc_feat_roman
D:5:      layout_basic, zin_scriptorium, gup_sewer_entry_glass,
          uniq_prince_ribbit1

Skill      XL: |  1  2  3  4  5  6 |
---------------+-------------------+-----
Fighting       | 4 5 |  5.5
Armour         | 4 5 |  5.8
Shields        | 4 5 |  5.9
Long Blades    | 3 5 |  5.1
Dodging        | |  0.7
Stealth        | |  0.2

Action                   |  1- 3 |  4- 6 |  7- 9 || total
-------------------------+-------+-------+-------++-------
Melee: Long sword        |    49 |   204 |     5 ||   258
       Headbutt          |    10 |    34 |     3 ||    47
  Use: Potion            |     3 |     2 |     2 ||     7
  Eat: Chunk             |       |    11 |       ||    11
       Ration            |       |       |     1 ||     1
Armor: Scale mail        |    37 |     5 |       ||    42
       Chain mail        |       |    75 |     2 ||    77
Dodge: Dodged            |    23 |    52 |     2 ||    77
Block: Shield            |    42 |   122 |     8 ||   172
       Rpst.: Long sword |     7 |     9 |       ||    16
